Match 42676165
Unlisted

Match 42676165
End
Construct Barracks
Riflemen Squad
M1 Mortar Team
Riflemen Squad
Grenade Package
Infantry Support Center
Construct Weapon Support Center
M3 Armored Personnel Carrier
M1918 Browning Automatic Rifles
M3 Armored Personnel Carrier
Selects Armored Battlegroup
Selects Veteran Crews
Selects Fast Deploy
Selects M31 Recovery Vehicle
Riflemen Squad
Advanced Logistics
Engineer Squad
Construct Motor Pool
M3 Armored Personnel Carrier
Selects War Machine
Construct Motor Pool
Riflemen Squad
M8 Greyhound Armored Car
Selects Seek and Destroy
Selects Seek and Destroy
Construct Tank Depot
Riflemen Squad
Selects UNKNOWN (2160077)
M4A3E8 Sherman Easy Eight
Engineer Squad
Boom
PlammX
Belfegor ๏̯͡๏
MY:OATZ
zaro
Oier
Dark Angels
Tirant
0
0

Comments sign in to comment!

No comments posted yet!